 Dungeon Crawl Stone Soup version 0.21.1-1-g345015fe64 (webtiles) character file.

1099 kickdok the Cleaver (level 8, -1/68 HPs)
             Began as a Minotaur Fighter on July 8, 2018.
             Slain by tidbits's ghost (4 damage)
             ... on level 6 of the Dungeon.
             The game lasted 00:19:42 (5232 turns).

kickdok the Cleaver (Minotaur Fighter)              Turns: 5232, Time: 00:19:43

Health: -1/68      AC: 10    Str: 21    XL:     8   Next: 10%
Magic:  7/7        EV: 10    Int:  5    God:
Gold:   280        SH: 10    Dex: 12    Spells: 7/7 levels left

rFire    . . .     SeeInvis .   a - +0 war axe
rCold    . . .     Gourm    .   c - +0 shield
rNeg     . . .     Faith    .   p - +3 ring mail
rPois    .         Spirit   .   (helmet restricted)
rElec    .         Reflect  .   m - +0 cloak
rCorr    .         Harm     .   (no gloves)
MR       .....                  (no boots)
Stlth    ++........             (no amulet)
HPRegen  0.21/turn              t - ring of stealth
MPRegen  0.10/turn              (no ring)

@: no status effects
A: retaliatory headbutt, horns 2
a: no special abilities


You were on level 6 of the Dungeon.
You were not hungry.

You visited 1 branch of the dungeon, and saw 6 of its levels.

You collected 280 gold pieces.

Inventory:

Hand Weapons
 a - a +0 war axe (weapon)
Armour
 c - a +0 shield (worn)
 m - a +0 cloak (worn)
 p - a +3 ring mail (worn)
Jewellery
 q - the ring "Ahyiwo" {Wiz rElec rC- Str+8}
   (You found it on level 5 of the Dungeon)

   [ring of wizardry]

   It improves your spell success rate.
   It affects your strength (+8).
   It makes you vulnerable to cold.
   It insulates you from electricity.
 s - the ring "Qysaxzit" {rC- rN+ MR++ Str-5 Dex+3}
   (You found it on level 4 of the Dungeon)

   [ring of dexterity]

   It affects your strength (-5).
   It affects your dexterity (+3).
   It makes you vulnerable to cold.
   It protects you from negative energy.
   It affects your resistance to hostile enchantments.
 t - a ring of stealth (left hand)
Wands
 z - a wand of enslavement (13)
 B - a wand of iceblast (4)
Scrolls
 b - a scroll of magic mapping
 e - 3 scrolls of enchant weapon
 g - 6 scrolls of remove curse
 u - a scroll of enchant armour
 w - 2 scrolls of teleportation
 x - a scroll of blinking {unknown}
Potions
 d - 4 potions of might
 h - a potion of berserk rage
 i - 2 potions of curing
 j - a potion of brilliance {unknown}
 k - a potion of haste
 o - a potion of magic {unknown}
 r - a potion of mutation
 v - 2 potions of lignification {unknown}
 A - a potion of agility {unknown}
Books
 n - a book of Cantrips

   Spells                             Type                      Level
   a - Confusing Touch                Hexes                        1
   b - Animate Skeleton               Necromancy                   1
   c - Summon Small Mammal            Summoning                    1
   d - Apportation                    Translocation                1
 y - Sif Muna's Reference Book on Freezing Feathers
   (You found it on level 5 of the Dungeon)

   Spells                             Type                      Level
   a - Swiftness                      Charms/Air                   2
   b - Ensorcelled Hibernation        Hexes/Ice                    2
   c - Throw Icicle                   Conjuration/Ice              4
   d - Freezing Cloud                 Conjuration/Ice/Air          6
   e - Simulacrum                     Ice/Necromancy               6
Comestibles
 f - 7 rations


   Skills:
 + Level 5.0 Fighting
 * Level 8.8 Axes
 + Level 5.2 Armour
 * Level 3.5 Dodging
 + Level 5.2 Shields


You had 7 spell levels left.
You didn't know any spells.

Dungeon Overview and Level Annotations

Branches:
Dungeon (6/15)
 Temple: D:4-7

Altars:
Ashenzari
Hepliaklqana
Qazlal
Ru
Wu Jian

Shops:
D:5 *

Annotations:
D:6 tidbits's ghost, novice GnNe


Innate Abilities, Weirdness & Mutations

You reflexively headbutt those who attack you in melee.
You have a pair of horns on your head.


Message History

Pain shoots through your body!
* * * LOW HITPOINT WARNING * * *
Tidbits's ghost gestures at you while chanting.
You struggle to resist.
Tidbits's ghost barely misses you.
Tidbits's ghost gestures at you while chanting.
You struggle to resist.
You block tidbits's ghost's attack.
Your shield and ring mail prevent you from hitting tidbits's ghost.
You block tidbits's ghost's attack.
You closely miss tidbits's ghost. Tidbits's ghost hits you!
* * * LOW HITPOINT WARNING * * *
You writhe in agony.
* * * LOW HITPOINT WARNING * * *
You hit tidbits's ghost. Your headbutt misses tidbits's ghost.
Tidbits's ghost is lightly damaged.
Tidbits's ghost hits you!
* * * LOW HITPOINT WARNING * * *
You writhe in agony.
You die...

## #.. #. ... .# #.
#.# .# # #.####.##.#.#
#... ........# #..#
#..... .# #..###..#
.#### #...@W..# .....
#...##..###..####
#...##...........
#...#####.#.#####
#####...#####.# ..
#...........#.# ##
########.###.........#
#........# #######.###
#........# #.#


You could see tidbits's ghost.

Vanquished Creatures
  Pikel (D:5)
  2 slaves (D:5)
  A crimson imp (D:5)
  2 hounds
  3 centaur skeletons
  Ijyb (D:5)
  3 iguanas
  2 worker ants
  A hound skeleton (D:5)
  Robin (D:4)
  6 gnolls
  10 adders
  An ooze (D:1)
  4 worms (D:3)
  A dart slug (D:2)
  2 leopard geckos
  8 orcs
  4 giant cockroaches
  21 goblins
  11 hobgoblins
  5 jackals
  9 kobolds
  A quokka (D:3)
  3 ball pythons
  4 bats
  10 frilled lizards
  A jackal skeleton (D:4)
  7 rats
125 creatures vanquished.

Vanquished Creatures (others)
  Grinder (D:5)
  An ogre (D:5)
  A bullfrog zombie (D:5)
  A centaur zombie (D:5)
  A hound (D:5)
5 creatures vanquished.

Grand Total: 130 creatures vanquished

Notes
Turn   | Place    | Note
-------+----------+-------------------------------------------
     0 | D:1      | kickdok the Minotaur Fighter began the quest for the Orb.
     0 | D:1      | Reached XP level 1. HP: 19/19 MP: 0/0
    63 | D:1      | Reached XP level 2. HP: 18/27 MP: 1/1
   638 | D:1      | Reached skill level 3 in Axes
   638 | D:1      | Reached XP level 3. HP: 33/33 MP: 2/2
   760 | D:1      | Reached skill level 1 in Dodging
  1290 | D:2      | Reached XP level 4. HP: 40/40 MP: 3/3
  1562 | D:2      | Reached skill level 4 in Axes
  2062 | D:3      | Reached XP level 5. HP: 39/46 MP: 4/4
  2661 | D:4      | Reached skill level 5 in Axes
  2726 | D:4      | Got a brightly glowing wooden ring
  3117 | D:4      | Reached XP level 6. HP: 52/52 MP: 5/5
  3440 | D:4      | Noticed Robin
  3458 | D:4      | Killed Robin
  3499 | D:4      | Identified the ring "Qysaxzit" {rC- rN+ MR++ Str-5 Dex+3} (You found it on level 4 of the Dungeon)
  3597 | D:4      | Found a shattered altar of Ashenzari.
  3598 | D:4      | Found a hazy altar of Hepliaklqana.
  4134 | D:5      | Entered Level 5 of the Dungeon
  4134 | D:5      | Found the +2 robe of Vines {NoPotionHeal Regen+7}
  4192 | D:5      | Reached skill level 6 in Axes
  4227 | D:5      | Got a wavering amber ring
  4239 | D:5      | Noticed a slave
  4252 | D:5      | Killed a slave
  4286 | D:5      | Found a sacrificial altar of Ru.
  4286 | D:5      | Found a stormy altar of Qazlal.
  4286 | D:5      | Found an ornate altar of the Wu Jian Council.
  4311 | D:5      | Noticed a slave
  4325 | D:5      | Noticed a slave
  4326 | D:5      | Noticed Pikel
  4327 | D:5      | Killed a slave
  4329 | D:5      | Noticed a slave
  4345 | D:5      | Killed Pikel
  4345 | D:5      | Reached skill level 8 in Axes
  4345 | D:5      | Reached skill level 5 in Armour
  4345 | D:5      | Reached skill level 5 in Shields
  4345 | D:5      | Reached XP level 7. HP: 21/60 MP: 6/6
  4356 | D:5      | Identified the ring "Ahyiwo" {Wiz rElec rC- Str+8} (You found it on level 5 of the Dungeon)
  4467 | D:5      | Killed Grinder
  4583 | D:5      | Found Juinnoef's Elemental Accessories.
  4816 | D:5      | Identified Sif Muna's Reference Book on Freezing Feathers
  4859 | D:5      | Reached XP level 8. HP: 67/67 MP: 7/7
  4938 | D:5      | Noticed Ijyb
  4942 | D:5      | Killed Ijyb
  5040 | D:6      | Reached skill level 5 in Fighting
  5185 | D:6      | Noticed tidbits's ghost (novice GnNe)
  5232 | D:6      | HP: 3/68 [tidbits's ghost (8)]
  5232 | D:6      | Slain by tidbits's ghost

Skill      XL: |  1  2  3  4  5  6  7  8 |
---------------+-------------------------+-----
Armour         | 4 5 |  5.2
Shields        | 4 5 |  5.2
Axes           | 3 4 5 8 |  8.8
Dodging        | 1 2 3 |  3.5
Fighting       | 4 5 |  5.0

Action                   |  1- 3 |  4- 6 |  7- 9 || total
-------------------------+-------+-------+-------++-------
Melee: War axe           |    97 |   181 |    63 ||   341
       Headbutt          |    15 |    39 |    13 ||    67
  Use: Scroll            |       |    11 |     1 ||    12
       Potion            |       |     1 |     2 ||     3
  Eat: Chunk             |     1 |       |       ||     1
       Ration            |       |     3 |     1 ||     4
Armor: Scale mail        |    38 |    26 |       ||    64
       Ring mail         |       |    48 |    21 ||    69
Dodge: Dodged            |    24 |    64 |    21 ||   109
Block: Shield            |    55 |   107 |    36 ||   198
